 Dungeon Crawl Stone Soup version 0.31-a0-1156-g12f98b2 (webtiles) character file.

Game seed: 11112573935820273932

642 PidgeyThePirate the Gusty (level 7, 0/39 HPs)
             Began as a Tengu Air Elementalist on Dec 7, 2023.
             Slain by a scorpion (5 damage)
             ... on level 6 of the Dungeon.
             The game lasted 00:08:09 (3456 turns).

PidgeyThePirate the Gusty (Tengu Air Elementalist)  Turns: 3456, Time: 00:08:09

Health: 0/39       AC:  3    Str: 11    XL:     7   Next: 51%
Magic:  12/12      EV: 31    Int: 15    God:
Gold:   244        SH:  0    Dex: 14    Spells: 11/12 levels left

rFire   . . .        g - +0 whip
rCold   . . .        (no shield)
rNeg    . . .        h - +0 leather armour
rPois   .            (helmet restricted)
rElec   .            (no cloak)
rCorr   .            (no gloves)
SInv    .            (boots unavailable)
Will    .....        (no amulet)
Stlth   ++           (no ring)
HPRegen 0.26/turn    (no ring)
MPRegen 0.13/turn

%: acrobat
@: lethally poisoned (0 -> -13), acrobatic, flying
A: beak, talons 3, evasive flight, acrobatic
a: no special abilities


You were on level 6 of the Dungeon.
You visited 1 branch of the dungeon, and saw 5 of its levels.

You collected 244 gold pieces.

Inventory:

Hand Weapons
 f - a +0 club
 g - a +0 whip (weapon)
Armour
 a - a +0 robe
 h - a +0 leather armour (worn)
Jewellery
 l - an amulet of guardian spirit
Scrolls
 c - 4 scrolls of identify {unknown}
 d - 3 scrolls of revelation {unknown}
 e - a scroll of enchant weapon {unknown}
 i - a scroll of amnesia {unknown}
 k - a scroll of torment {unknown}
 m - a scroll of vulnerability {unknown}
 n - a scroll of fear {unknown}
Potions
 b - a potion of magic
 j - 2 potions of might {unknown}


   Skills:
 + Level 1.7 Fighting
 + Level 3.8 Maces & Flails
 + Level 3.2 Armour
 + Level 3.4 Dodging
 + Level 3.5 Stealth
 + Level 3.1 Spellcasting
 + Level 2.9 Conjurations
 + Level 5.5 Air Magic


You had 11 spell levels left.
You knew the following spells:

 Your Spells              Type           Power      Damage    Failure   Level
a - Shock                 Conj/Air       56%        1d6       4%          1

Your spell library contained the following spells:

 Spells                   Type           Power      Damage    Failure   Level
 Static Discharge         Conj/Air       28%        3-5/arc   7%          2
 Swiftness                Air            18%        N/A       8%          3
 Summon Small Mammal      Summ           8%         N/A       26%         1
 Airstrike                Air            9%         2d(2-18)  26%         4
 Call Canine Familiar     Summ           2%         N/A       58%         3
 Summon Guardian Golem    Hex/Summ       2%         N/A       58%         3


Dungeon Overview and Level Annotations

Branches:
Dungeon (6/15)
 Temple: D:4-7

Altars:
Elyvilon


Innate Abilities, Weirdness & Mutations

You have a beak for a mouth.
You have claws for feet.
Your magical flight helps you evade attacks. (EV +4)
You can magically evade attacks while moving or waiting.


Message History

You claw the scorpion, but do no damage.
Your peck misses the scorpion.
You feel very sick. The scorpion barely misses you.
You barely miss the scorpion. You peck the scorpion.
The scorpion is lightly wounded.
You feel sick. The scorpion stings you.
You closely miss the scorpion.
You peck the scorpion, but do no damage.
The scorpion is lightly wounded.
You feel sick. The scorpion stings you.
You hit the scorpion but do no damage.
The scorpion is lightly wounded.
You feel sick. The scorpion misses you.
You hit the scorpion but do no damage. Your kick misses the scorpion.
You peck the scorpion.
The scorpion is moderately wounded.
You feel sick. The scorpion stings you.
You are more poisoned.
The scorpion poisons you!
You hit the scorpion. Your kick misses the scorpion.
You peck the scorpion, but do no damage.
The scorpion is moderately wounded.
You feel sick. The scorpion closely misses you.
You hit the scorpion. You claw the scorpion.
The scorpion is almost dead.
You feel very sick. The scorpion stings you!
* * * LOW HITPOINT WARNING * * *
You are lethally poisoned!
The scorpion poisons you!
Casting: Shock (safe; 4% risk of failure)
Confirm with . or Enter, or press ? or * to list all spells.
Aiming: Shock (safe; 4% risk of failure)
Press: ? - help, Shift-Dir - straight line
Okay, then.
* * * LOW HITPOINT WARNING * * *
You feel very sick. The scorpion attacks as it pursues you!
The scorpion stings you.
You die...

#....#.......#######
####..#..............
#.....##......######
#.##..##......######
####.#>..###..........#
......................#
.........###..........#
......<..####.........#
.......@...............#
.......s.#############.#
............[# .#
........#.......
........#$......
........#.......
........#....###
######.......# #.. ....#


You could see a scorpion.

Vanquished Creatures
  Grinder (D:3)
  Sigmund (D:3)
  An ice beast (D:6)
  A scorpion (D:6)
  5 gnolls (D:2)
  An adder (D:2)
  3 dart slugs
  2 orcs (D:3)
  3 bats (D:1)
  6 endoplasms
  2 giant cockroaches (D:1)
  9 goblins
  4 hobgoblins
  7 jackals (D:1)
  3 quokkas (D:1)
  10 ball pythons
  4 frilled lizards
  6 kobolds
  5 rats
74 creatures vanquished.

Notes
Turn   | Place    | Note
-------+----------+-------------------------------------------
     0 | D:1      | PidgeyThePirate the Tengu Air Elementalist began the quest
                  | for the Orb.
     0 | D:1      | Reached XP level 1. HP: 10/10 MP: 4/4
   223 | D:1      | Reached XP level 2. HP: 15/15 MP: 3/6
   887 | D:1      | Reached XP level 3. HP: 18/19 MP: 7/7
  1514 | D:2      | Reached skill level 1 in Maces & Flails
  1521 | D:2      | Reached XP level 4. HP: 24/24 MP: 8/8
  1526 | D:2      | Reached skill level 5 in Air Magic
  1821 | D:2      | Reached skill level 1 in Armour
  2065 | D:2      | Reached XP level 5. HP: 17/28 MP: 9/9
  2419 | D:3      | Found a faded altar of an unknown god.
  2483 | D:3      | Found a white marble altar of Elyvilon.
  2529 | D:3      | Noticed Grinder
  2536 | D:3      | Paralysed by Grinder for 4 turns
  2572 | D:3      | Killed Grinder
  2573 | D:3      | Reached skill level 1 in Fighting
  2573 | D:3      | Reached XP level 6. HP: 10/34 MP: 9/11
  2712 | D:3      | Noticed Sigmund
  2749 | D:3      | Killed Sigmund
  2750 | D:3      | Gained mutation: Your magical flight helps you evade
                  | attacks. (EV +4) [Tengu growth]
  2750 | D:3      | Reached XP level 7. HP: 29/38 MP: 12/12
  2920 | D:3      | You are sucked into a shaft and drop 3 floors!
  3236 | D:5      | Entered Level 5 of the Dungeon
  3456 | D:6      | Slain by a scorpion

Illustrated notes

Levels and vault maps discovered:
D:1:      dpeg_arrival_leaves_temple_mockup, layout_loops_corners,
          dk_noncrumbling_2, minivault_26, minmay_unequal
D:2:      layout_basic, kennysheep_generic_room_6
D:3:      layout_basic, elyvilon_altar_4, cheibrodos_worm_habitat,
          chequers_ecumenical_altar_island, uniq_grinder, uniq_sigmund
D:5:      layout_basic, serial_shops, shop, minmay_fountain_box
D:6:      layout_basic

Skill      XL: |  1  2  3  4  5  6  7 |
---------------+----------------------+-----
Maces & Flails | 1 2 3 |  3.8
Air Magic      | 5 |  5.5
Armour         | 1 2 3 |  3.2
Fighting       | 1 |  1.7
Dodging        | 3 |  3.4
Stealth        | 3 |  3.5
Conjurations   | 2 |  2.9
Spellcasting   | 3 |  3.1

Action                     |  1- 3 |  4- 6 |  7- 9 || total
---------------------------+-------+-------+-------++-------
  Melee: Whip              |    68 |    93 |    21 ||   182
         Kick              |    16 |    23 |     7 ||    46
         Unarmed           |     5 |       |       ||     5
         Peck              |     9 |    18 |     5 ||    32
         Club              |     4 |       |       ||     4
         Punch             |       |     1 |       ||     1
   Cast: Shock             |    35 |    16 |     4 ||    55
    Use: Potion            |       |     8 |       ||     8
   Stab: Sleeping          |     3 |     3 |     1 ||     7
 Armour: Robe              |    17 |       |       ||    17
         Leather armour    |    12 |    41 |    12 ||    65
  Dodge: Dodged            |    73 |    71 |    12 ||   156

Table legend: (Time is in decaauts)
 A = Elapsed time spent in this place.
 B = Non-inter-level travel time spent in this place.
 C = Inter-level travel time spent in this place.
 D = Time resting spent in this place.
 E = Time spent auto-exploring this place.
 F = Levels seen in this place.
 G = Mean time per level.
                   A        B        C        D        E       F      G
               +--------+--------+--------+--------+--------+-----+--------+
         Total |   3473 |   3254 |    219 |      0 |   2506 |   5 |  694.6 |
       Dungeon |   3473 |   3254 |    219 |      0 |   2506 |   5 |  694.6 |
               +--------+--------+--------+--------+--------+-----+--------+

Top non-repeatable levels by time:
     D:1: 1482 daAuts
     D:2: 950 daAuts
     D:6: 530 daAuts
     D:3: 506 daAuts
     D:5: 3 daAuts
